 Dungeon Crawl Stone Soup version 0.29.1-12-g30fa7ad0bf (webtiles) character file.

Game seed: 16936311028016645767

19 Descartes the Ducker (level 2, 0/13 HPs)
             Began as a Spriggan Wanderer on Jan 12, 2023.
             Succumbed to an adder's poison
             ... on level 2 of the Dungeon.
             The game lasted 00:01:44 (1976 turns).

Descartes the Ducker (Spriggan Wanderer)            Turns: 1976, Time: 00:01:44

Health: 0/13       AC:  2    Str:  6    XL:     2   Next: 55%
Magic:  4/4        EV: 19    Int: 13    God:
Gold:   51         SH:  0    Dex: 16    Spells: 3/3 levels left

rFire   . . .      SeeInvis +   a - +2 short sword
rCold   . . .      Faith    .   (no shield)
rNeg    . . .      Spirit   .   e - +0 robe
rPois   .          Reflect  .   c - +0 hat
rElec   .          Harm     .   (no cloak)
rCorr   .          Rampage  .   (gloves unavailable)
Will    .....                   (boots unavailable)
Stlth   ++........              (no amulet)
HPRegen 0.04/turn               (no ring)
MPRegen 0.09/turn               (no ring)

@: lethally poisoned (0 -> -1), very quick
A: very small, no large weapons, unfitting armour, see invisible, speed 3
a: no special abilities


You were on level 2 of the Dungeon.
You visited 1 branch of the dungeon, and saw 2 of its levels.

You collected 51 gold pieces.

Inventory:

Hand Weapons
 a - a +2 short sword (weapon)
 b - a +0 spear
Missiles
 i - 5 atropa-tipped darts (quivered)
Armour
 c - a +0 hat (worn)
 e - a +0 robe (worn)
Scrolls
 f - a scroll of identify {unknown}
 h - a scroll of vulnerability {unknown}
 j - a scroll of fog {unknown}
 k - a scroll of silence {unknown}
 n - a scroll of brand weapon {unknown}
Potions
 d - a potion of lignification
 g - a potion of haste {unknown}
 l - 2 potions of resistance {unknown}
 m - a potion of magic {unknown}
 o - a potion of degeneration {unknown}


   Skills:
 + Level 4.5 Short Blades
 - Level 1.0 Polearms
 + Level 5.5 Dodging
 + Level 1.4 Stealth
 + Level 1.0 Spellcasting
 + Level 2.0 Evocations


You had 3 spell levels left.
You didn't know any spells.
Your spell library was empty.

Dungeon Overview and Level Annotations

Branches:
Dungeon (2/15)

Altars:


Innate Abilities, Weirdness & Mutations

You are very small and have problems with some larger weapons.
You are too small for most types of armour.
You have supernaturally acute eyesight. (SInv)
You cover ground extremely quickly. (Speed+++)


Message History

a +0 short sword; a stone
Found a stone staircase leading up.
An adder comes into view.
An adder is nearby!
The adder hisses angrily.
Found a stone staircase leading up.
You closely miss the adder. The adder misses you.
You closely miss the adder. The adder bites you.
You barely miss the adder. The adder bites you but does no damage.
You closely miss the adder. The adder barely misses you.
You hit the adder.
The adder is heavily wounded.
The adder bites you.
You are poisoned.
The adder poisons you!
You closely miss the adder.
The adder is heavily wounded.
You feel sick. The adder barely misses you. The adder misses you.
You miss the adder.
The adder is heavily wounded.
You feel sick. The adder bites you.
You are too injured to fight recklessly!
You are too injured to fight recklessly!
You are too injured to fight recklessly!
You are too injured to fight recklessly!
You are too injured to fight recklessly!
You are too injured to fight recklessly!
You are too injured to fight recklessly!
You are too injured to fight recklessly!
You are too injured to fight recklessly!
You feel sick.
You see here 6 gold pieces.
* * * LOW HITPOINT WARNING * * *
You feel sick.
* * * LOW HITPOINT WARNING * * *
You feel sick.
* * * LOW HITPOINT WARNING * * *
You feel sick.
There is a stone staircase leading up here.
You die...

####.#.#.<#.....#.######.#.###...
#.#..........#.#....$.........
#......#.....#........#.####..
########.....#........+...)...
......#........#.###...
#####..<.......# #..#
..............# #...
#####..$....#.###..#
#..@.S....#....)...#
#.#.####........#.## # #.#
##.###.#.#.## ..# .......#.#.##
.###...#.###.#.#... #. ...#..
..#)#### # .. # #.#.# ....#


You could see an adder.

Vanquished Creatures
  A dart slug (D:1)
  A ball python (D:2)
  3 endoplasms (D:1)
  2 giant cockroaches (D:1)
  2 goblins (D:1)
  2 kobolds
  4 rats
15 creatures vanquished.

Vanquished Creatures (others)
  A ghoul (D:1)
  3 gargoyles (D:1)
  A human (D:1)
  2 nagas (D:1)
  2 dwarves (D:1)
  An ogre (D:1)
  A mummy (D:1)
  2 gnolls (D:1)
  An orc (D:1)
  A kobold (D:1)
  4 tentacles (D:1)
19 creatures vanquished.

Grand Total: 34 creatures vanquished

Notes
Turn   | Place    | Note
-------+----------+-------------------------------------------
     0 | D:1      | Descartes the Spriggan Wanderer began the quest for the
                  | Orb.
     0 | D:1      | Descartes set off with the following items: a +2 short
                  | sword, a +0 spear, a +0 hat, a potion of lignification, a
                  | +0 robe.
     0 | D:1      | Reached XP level 1. HP: 9/9 MP: 2/2
     2 | D:1      | Noticed a dwarf
     2 | D:1      | Noticed a naga
     2 | D:1      | Noticed an ogre
     2 | D:1      | Noticed a naga
     2 | D:1      | Noticed a gargoyle
     2 | D:1      | Noticed a gargoyle
     2 | D:1      | Noticed a kraken
     2 | D:1      | Noticed a human
     2 | D:1      | Noticed a ghoul
     2 | D:1      | Noticed a dwarf
     2 | D:1      | Noticed a gargoyle
     6 | D:1      | Killed a gargoyle
     7 | D:1      | Killed a ghoul
     8 | D:1      | Killed a dwarf
     8 | D:1      | Killed an ogre
     8 | D:1      | Killed a naga
     9 | D:1      | Killed a human
    10 | D:1      | Killed a gargoyle
    14 | D:1      | Killed a gargoyle
    15 | D:1      | Killed a dwarf
    16 | D:1      | Killed a naga
   566 | D:1      | Found a faded altar of an unknown god.
   799 | D:1      | Reached skill level 1 in Stealth
   799 | D:1      | Reached XP level 2. HP: 13/13 MP: 3/3
  1786 | D:2      | Reached skill level 1 in Spellcasting
  1976 | D:2      | Succumbed to an adder's poison

Illustrated notes

Levels and vault maps discovered:
D:1:      nicolae_arrival_kraken_aquarium_b, layout_loops_corners,
          ebering_ecumenical_altar_ruins
D:2:      layout_basic

Skill      XL: |  1  2 |
---------------+-------+-----
Stealth        | 1 |  1.4
Spellcasting   | 1 |  1.0
Evocations     | 2 |  2.0
Short Blades   | |  4.5
Polearms       | |  1.0
Dodging        | |  5.5

Action                   || total
-------------------------++-------
Melee: Short sword       ||    51
 Stab: Sleeping          ||     4
Armor: Robe              ||     5
Dodge: Dodged            ||    19
